 Dungeon Crawl Stone Soup version 0.25.1-8-g42b30a86e7 (webtiles) character file.

Game seed: 6788721474149156311

108 hehateme the Skirmisher (level 5, 0/36 HPs)
             Began as a Kobold Fighter on Dec 5, 2020.
             Slain by a gnoll
             ... wielding a +0 spear
              (2 damage)
             ... on level 2 of the Dungeon.
             The game lasted 00:04:54 (2679 turns).

hehateme the Skirmisher (Kobold Fighter)            Turns: 2679, Time: 00:04:54

Health: 0/36       AC:  6    Str: 14    XL:     5   Next: 12%
Magic:  5/5        EV:  8    Int:  9    God:
Gold:   92         SH:  9    Dex: 15    Spells: 4/4 levels left

rFire    . . .     SeeInvis .   a - +0 war axe
rCold    . . .     Gourm    .   c - +0 kite shield
rNeg     . . .     Faith    .   b - +0 scale mail
rPois    .         Spirit   .   (no helmet)
rElec    .         Reflect  .   (no cloak)
rCorr    .         Harm     .   (no gloves)
MR       .....                  (no boots)
Stlth    ..........             (no amulet)
HPRegen  0.12/turn              (no ring)
MPRegen  0.09/turn              (no ring)

@: no status effects
A: small, carnivore
a: no special abilities


You were on level 2 of the Dungeon.
You were completely stuffed.

You visited 1 branch of the dungeon, and saw 3 of its levels.

You collected 92 gold pieces.

Inventory:

Hand Weapons
 a - a +0 war axe (weapon)
Missiles
 k - 36 arrows
Armour
 b - a +0 scale mail (worn)
 c - a +0 kite shield (worn)
 p - a +0 pair of gloves
 r - a cursed -1 pair of boots
Jewellery
 m - an uncursed amulet of guardian spirit {unknown}
Scrolls
 f - a scroll of enchant weapon {unknown}
 h - a scroll of magic mapping {unknown}
 i - a scroll of identify
 n - a scroll of fog {unknown}
 s - a scroll of blinking {unknown}
 t - 3 scrolls of teleportation
 u - a scroll of remove curse {unknown}
 v - a scroll of enchant armour {unknown}
Potions
 d - a potion of might
 g - a potion of heal wounds {unknown}
 j - a potion of curing
 l - a potion of mutation {unknown}
 q - a potion of haste {unknown}
Comestibles
 e - 3 rations


   Skills:
 + Level 6.0 Fighting
 - Level 1.5 Axes
 - Level 2.4 Armour
 - Level 2.4 Shields


You had 4 spell levels left.
You didn't know any spells.
Your spell library was empty.

Dungeon Overview and Level Annotations

Branches:
Dungeon (3/15)

Altars:


Innate Abilities, Weirdness & Mutations

You are small and have problems with some larger weapons.
You are carnivorous and can eat meat at any time.


Message History

You aren't carrying any items that you can evoke.
A gnoll is nearby!
A gnoll is nearby!
A gnoll is nearby!
A gnoll is nearby!
A gnoll is nearby!
You closely miss the gnoll. You block the gnoll's attack.
You slash the gnoll! The gnoll hits you with a +0 spear!
* * * LOW HITPOINT WARNING * * *
The gnoll hits you but does no damage.
You take 8 damage, and have 12/36 hp.
GAME OVER YEAH!!
You closely miss the gnoll. The gnoll hits you with a +0 spear.
* * * LOW HITPOINT WARNING * * *
You take 4 damage, and have 8/36 hp.
Unknown command.
You closely miss the gnoll. The gnoll hits you with a +0 spear.
* * * LOW HITPOINT WARNING * * *
The gnoll hits you with a +0 spear.
You die...

###.####.# #.# #.#
###### #
######.###....#
#######........#.##.#
.............#.#.##.#
#####.########.#.##.#
#............#.#.##.#
#.###.######.#.#g##.#
#.# #.#....#.#.#@##.#
#.###.#.#.##.#.#)##.#
......#......#.#.##.#
#########.####.#.##.#
......>...........#.#
######......##.####.#
# #.##.####.# #.#
######.##.####.# #.#
.....#.##.#....# #.#

Skill      XL: |  1  2  3  4  5 |
---------------+----------------+-----
Fighting       | 4 5 6 |  6.0
Axes           | |  1.5
Armour         | |  2.4
Shields        | |  2.4

Notes
Turn   | Place    | Note
-------+----------+-------------------------------------------
     0 | D:1      | hehateme the Kobold Fighter began the quest for the Orb.
     0 | D:1      | Reached XP level 1. HP: 14/14 MP: 1/1
   200 | D:1      | Reached XP level 2. HP: 20/20 MP: 2/2
   431 | D:1      | Reached skill level 4 in Fighting
   850 | D:1      | Reached XP level 3. HP: 23/24 MP: 3/3
  1464 | D:2      | Reached skill level 5 in Fighting
  1538 | D:2      | Reached XP level 4. HP: 13/31 MP: 4/4
  2485 | D:2      | Reached XP level 5. HP: 29/36 MP: 5/5
  2486 | D:2      | Reached skill level 6 in Fighting
  2678 | D:2      | HP: 8/36 [gnoll/+0 spear (4)]
  2679 | D:2      | HP: 2/36 [gnoll/+0 spear (6)]
  2679 | D:2      | Slain by a gnoll

Table legend:
 A = Turns spent in this place as a percentage of turns spent in the entire game.
 B = Non-inter-level travel turns spent in this place as a percentage of non-inter-level travel turns spent in the entire game.
 C = Inter-level travel turns spent in this place as a percentage of turns spent in this place.
 D = Turns resting spent in this place as a percentage of non-inter-level travel turns spent in this place.
 E = Turns spent auto-exploring this place as a percentage of non-inter-level travel turns spent in this place.
 F = Non-inter-level travel turns spent in this place divided by the number of levels of this place that you've seen.
                   A       B       C       D       E      F
               +-------+-------+-------+-------+-------+----------------------
         Total | 100.0 | 100.0 |   4.8 |  16.6 |  69.5 | 850.3
       Dungeon | 100.0 | 100.0 |   4.8 |  16.6 |  69.5 | 850.3
               +-------+-------+-------+-------+-------+----------------------

Table legend:
 A = Kills in this place as a percentage of kills in entire the game.
 B = Kills by you in this place as a percentage of kills by you in the entire game.
 C = Kills by friends in this place as a percentage of kills by friends in the entire game.
 D = Other kills in this place as a percentage of other kills in the entire game.
 E = Experience gained in this place as a percentage of experience gained in the entire game.
 F = Experience gained in this place divided by the number of levels of this place that you have seen.
                   A       B       C       D       E      F
               +-------+-------+-------+-------+-------+----------------------
         Total | 100.0 | 100.0 |   N/A |   N/A | 100.0 |  51.7
       Dungeon | 100.0 | 100.0 |   N/A |   N/A | 100.0 |  51.7
               +-------+-------+-------+-------+-------+----------------------

Action                   |  1- 3 |  4- 6 || total
-------------------------+-------+-------++-------
Melee: War axe           |   100 |    41 ||   141
Throw: Stone             |    12 |     4 ||    16
  Use: Scroll            |       |     2 ||     2
  Eat: Chunk             |    10 |     4 ||    14
Armor: Scale mail        |    53 |    19 ||    72
Dodge: Dodged            |    48 |    14 ||    62
Block: Kite shield       |    45 |    15 ||    60

Vanquished Creatures
  4 adders
  2 gnolls (D:2)
  A worm (D:2)
  A leopard gecko (D:2)
  An orc (D:3)
  A ball python (D:1)
  3 giant cockroaches
  8 goblins
  5 hobgoblins
  3 jackals (D:1)
  8 bats
  3 frilled lizards
  3 kobolds
  4 rats
47 creatures vanquished. You could see a gnoll.

Levels and vault maps discovered:
D:1:      dpeg_arrival_three_smaller_balls, layout_loops_corners,
          chequers_serial_rivers_room_b, minivault_23
D:2:      kennysheep_the_goblin_king, layout_basic
D:3:      minmay_angry_zag, layout_loops_ring, tso_oasis_becter, uniq_natasha
